 Dungeon Crawl Stone Soup version 0.24.0-13-gcf9b3192b9 (webtiles) character file.

Game seed: 8285268698602291530, levelgen mode: deterministic

167 Gumption the Grave Robber (level 5, -1/35 HPs)
             Began as a Human Necromancer on Nov 8, 2019.
             Killed by divine providence
             ... invoked by an orc priest
              (12 damage)
             ... on level 3 of the Dungeon.
             The game lasted 00:19:44 (4617 turns).

Gumption the Grave Robber (Human Necromancer)       Turns: 4617, Time: 00:19:45

Health: -1/35      AC:  4    Str:  8    XL:     5   Next: 76%
Magic:  1/9        EV: 12    Int: 17    God:
Gold:   196        SH:  0    Dex: 13    Spells: 5/10 levels left

rFire    . . .     SeeInvis .   b - +0 spear
rCold    . . .     Gourm    .   (no shield)
rNeg     . . .     Faith    .   k - +0 leather armour
rPois    .         Spirit   .   j - +0 helmet (curse)
rElec    .         Reflect  .   (no cloak)
rCorr    .         Harm     .   (no gloves)
MR       .....                  (no boots)
Stlth    ++........             (no amulet)
HPRegen  0.11/turn              (no ring)
MPRegen  0.11/turn              (no ring)

@: no status effects
A: no striking features
a: no special abilities


You were on level 3 of the Dungeon.
You were not hungry.

You visited 1 branch of the dungeon, and saw 3 of its levels.

You collected 196 gold pieces.

Inventory:

Hand Weapons
 a - a +0 dagger
 b - a +0 spear (weapon)
Missiles
 q - 91 stones (quivered)
Armour
 j - a cursed +0 helmet (worn)
 k - a +0 leather armour (worn)
Jewellery
 i - an uncursed ring of positive energy {unknown}
Wands
 r - a wand of digging (5)
Scrolls
 g - 2 scrolls of fog
 l - a scroll of teleportation
 o - a scroll of random uselessness {unknown}
 p - a scroll of blinking {unknown}
 s - a scroll of enchant armour {unknown}
 t - a scroll of remove curse {unknown}
 u - a scroll of immolation {unknown}
 v - a scroll of fear {unknown}
 w - a scroll of amnesia {unknown}
 x - a scroll of magic mapping {unknown}
 y - a scroll of noise {unknown}
Potions
 c - 2 potions of flight
 d - a potion of lignification
 f - a potion of brilliance {unknown}
 h - a potion of might {unknown}
 m - a potion of ambrosia {unknown}
 n - 3 potions of curing
 z - a potion of heal wounds {unknown}
Comestibles
 e - 5 rations
 A - 2 chunks of flesh


   Skills:
 + Level 3.1 Dodging
 - Level 2.0 Stealth
 + Level 3.0 Spellcasting
 * Level 5.4 Necromancy


You had 5 spell levels left.
You knew the following spells:

 Your Spells              Type           Power        Failure   Level  Hunger
a - Pain                  Necr           ###.         2%          1    None
b - Animate Skeleton      Necr           N/A          2%          1    None
c - Vampiric Draining     Necr           ###.......   9%          3    ###....

Your spell library contained the following spells:

 Spells                   Type           Power        Failure   Level  Hunger
 Regeneration             Chrm/Necr      ##........   26%         3    ###....
 Animate Dead             Necr           N/A          26%         4    ####...


Dungeon Overview and Level Annotations

Branches:
Dungeon (3/15)

Altars:
Dithmenos
Ru
Yredelemnul


Message History

You don't have enough magic to cast that spell.
Casting: Pain (safe; 2% risk of failure)
Confirm with . or Enter, or press ? or * to list all spells.
You don't have enough magic to cast that spell.
Casting: Pain (safe; 2% risk of failure)
Confirm with . or Enter, or press ? or * to list all spells.
You don't have enough magic to cast that spell.
You are too injured to fight recklessly!
You are too injured to fight recklessly!
You hit the orc priest.
The orc priest is severely wounded.
The orc priest looks encouraged for a moment.
You hit the orc priest.
The orc priest is almost dead.
The orc priest hits you with a +0 falchion.
You closely miss the orc priest.
The orc priest is almost dead.
The orc priest mumbles some strange prayers to Beogh against you.
Beogh smites you!
You die...

#.##.#..### #.#####
#.##.#..# ### ##
#.......# #.
#.##.##.# ##
#.##.##.#############
#.##.##.#............
#.##.##.#....<..####.
#..o....#.......###..
#..)@...#..........[.
##.######.......#....
#.#............##...
#.#.####............
#.#.####.##########>
#.g.?.##. ##
###)#.##. # o# # # ..
.


You could see an orc priest.

Vanquished Creatures
  2 orc wizards (D:3)
  Robin (D:2)
  3 adders (D:3)
  A worm (D:2)
  A leopard gecko (D:1)
  4 orcs (D:3)
  6 bats
  A giant cockroach (D:3)
  10 goblins
  8 hobgoblins
  3 jackals (D:2)
  9 kobolds
  A quokka (D:2)
  A ball python (D:1)
  5 frilled lizards
  10 rats
66 creatures vanquished.

Vanquished Creatures (collateral kills)
  An orc (D:3)
  2 bats (D:1)
  A giant cockroach (D:3)
  A hobgoblin (D:1)
  A ball python (D:3)
6 creatures vanquished.

Grand Total: 72 creatures vanquished

Notes
Turn   | Place    | Note
-------+----------+-------------------------------------------
     0 | D:1      | Gumption the Human Necromancer began the quest for the Orb.
     0 | D:1      | Reached XP level 1. HP: 13/13 MP: 3/3
     2 | D:1      | Learned a level 1 spell: Animate Skeleton
   525 | D:1      | Reached XP level 2. HP: 19/19 MP: 3/5
   817 | D:1      | Reached XP level 3. HP: 19/24 MP: 0/6
  1620 | D:1      | Learned a level 3 spell: Vampiric Draining
  2013 | D:2      | Noticed Robin
  2656 | D:2      | Reached XP level 4. HP: 27/30 MP: 2/7
  3050 | D:2      | Killed Robin
  3290 | D:2      | Found a basalt altar of Yredelemnul.
  3290 | D:2      | Found a shadowy altar of Dithmenos.
  3710 | D:3      | Found a sacrificial altar of Ru.
  3722 | D:3      | Reached skill level 5 in Necromancy
  3822 | D:3      | Reached XP level 5. HP: 30/35 MP: 4/9
  4420 | D:3      | Found a faded altar of an unknown god.
  4617 | D:3      | Killed from afar by an orc priest

Levels and vault maps discovered:
D:1:      dpeg_arrival_simpleton_c, layout_basic, minmay_quantized
D:2:      layout_loops_corners, gammafunk_temple_overflow_elements,
          first_ration, bh_walls_and_bars, uniq_robin
D:3:      layout_loops_cross, chequers_ecumenical_altar_grove,
          nicolae_ru_great_annihilating_truth

Skill      XL: |  1  2  3  4  5 |
---------------+----------------+-----
Necromancy     | 5 |  5.4
Dodging        | 3 |  3.1
Spellcasting   | 3 |  3.0
Stealth        | |  2.0

Action                   |  1- 3 |  4- 6 || total
-------------------------+-------+-------++-------
Melee: Unarmed           |    12 |       ||    12
       Spear             |    12 |    31 ||    43
       Dagger            |     4 |       ||     4
 Cast: Pain              |    70 |    62 ||   132
       Animate Skeleton  |    23 |     9 ||    32
  Use: Scroll            |     5 |       ||     5
 Stab: Distracted        |       |     1 ||     1
  Eat: Chunk             |     7 |     3 ||    10
       Ration            |       |     1 ||     1
Armor: Robe              |     2 |       ||     2
       Leather armour    |    13 |    17 ||    30
Dodge: Dodged            |    41 |    35 ||    76
